SAA
ATHLETIC CLUB KC ACADEMY @ GLENDALE HERONS
09/05/2031
 
TOP OF THE 1ST
Athletic Club KC Academy batting - Pitching for Glendale Herons : RHP Dylan Telford
Pitching: RHP Dylan Telford
Batting: LHB Takayuki Yoshikawa 0-0: Ball
1-0: Swinging Strike
1-1: Fly out, F8 (Flyball, 8RD)
Batting: LHB Kwang-chih Feng 0-0: Foul Ball, location: 2F
0-1: Ball
1-1: Called Strike
1-2: Ball
2-2: Ball
3-2: Foul Ball, location: 2F
3-2: Strikes out swinging
Batting: LHB Abdallah Rweikiza 0-0: Ball
1-0: Foul Ball, location: 2F
1-1: Swinging Strike
1-2: Strikes out swinging
Top of the 1st over - 0 runs, 0 hits, 0 errors, 0 left on base; Athletic Club KC Academy 0 - Glendale 0
BOTTOM OF THE 1ST
Glendale Herons batting - Pitching for Athletic Club KC Academy : RHP Adam Oldenkamp
Pitching: RHP Adam Oldenkamp
Batting: RHB Francisco Guerra 0-0: Ball
1-0: Ball
2-0: Ball
3-0: Called Strike
3-1: Called Strike
3-2: Fly out, F8 (Flyball, 8LXD)
Batting: RHB Jeff Hunter 0-0: Ball
1-0: Ball
2-0: Called Strike
2-1: Foul Ball, location: 2F
2-2: Foul Ball, location: 2F
2-2: Strikes out swinging
Batting: RHB Michael Sweeney 0-0: Foul Ball, location: 2F
0-1: Foul Ball, location: 2F
0-2: Foul Ball, location: 2F
0-2: Strikes out looking
Bottom of the 1st over - 0 runs, 0 hits, 0 errors, 0 left on base; Athletic Club KC Academy 0 - Glendale 0
TOP OF THE 2ND
Athletic Club KC Academy batting - Pitching for Glendale Herons : RHP Dylan Telford
Batting: RHB Colin Bottone 0-0: Ball
1-0: Called Strike
1-1: Called Strike
1-2: Strikes out swinging
Batting: LHB Onye Mahusay 0-0: Called Strike
0-1: Foul Ball, location: 2F
0-2: Ball
1-2: Fly out, F8 (Flyball, 8RM)
Batting: LHB Chi-hun Chong 0-0: Called Strike
0-1: Ball
1-1: Ball
2-1: Ground out 4-3 (Groundball, 4)
Top of the 2nd over - 0 runs, 0 hits, 0 errors, 0 left on base; Athletic Club KC Academy 0 - Glendale 0
BOTTOM OF THE 2ND
Glendale Herons batting - Pitching for Athletic Club KC Academy : RHP Adam Oldenkamp
Batting: LHB Jin-song Seah 0-0: Ball
1-0: Foul Ball, location: 2F
1-1: Swinging Strike
1-2: Strikes out looking
Batting: RHB Mario van Heijbeeck 0-0: Ball
1-0: SINGLE (Line Drive, 6MD)
Batting: RHB Shihei Kichikawa 0-0: Ball
Mario van Heijbeeck is caught stealing 2nd base
1-0: Ball
2-0: Fly out, F5 (Line Drive, 5S)
Bottom of the 2nd over - 0 runs, 1 hit, 0 errors, 0 left on base; Athletic Club KC Academy 0 - Glendale 0
TOP OF THE 3RD
Athletic Club KC Academy batting - Pitching for Glendale Herons : RHP Dylan Telford
Batting: RHB Arturo Annunziato 0-0: Ball
1-0: Called Strike
1-1: Called Strike
1-2: Strikes out looking
Batting: RHB Troy Whitehurst 0-0: Called Strike
0-1: Swinging Strike
0-2: Foul Ball, location: 2F
0-2: Strikes out looking
Batting: RHB Chee-hwa Tze 0-0: Called Strike
0-1: Ball
1-1: Ball
2-1: Foul Ball, location: 2F
2-2: Ball
3-2: Foul Ball, location: 2F
3-2: Strikes out swinging
Top of the 3rd over - 0 runs, 0 hits, 0 errors, 0 left on base; Athletic Club KC Academy 0 - Glendale 0
BOTTOM OF THE 3RD
Glendale Herons batting - Pitching for Athletic Club KC Academy : RHP Adam Oldenkamp
Batting: SHB Tommy Dreamer 0-0: Ground out U3 (Groundball, 3)
Batting: RHB Hatui Haunani 0-0: Ball
1-0: Swinging Strike
1-1: Ball
2-1: Ball
3-1: Foul Ball, location: 2F
3-2: Fly out, F8 (Flyball, 8RS)
Batting: RHB Luis Trevino 0-0: Ball
1-0: Ball
2-0: Called Strike
2-1: Foul Ball, location: 2F
2-2: Foul Ball, location: 2F
2-2: SOLO HOME RUN (Flyball, 7LD), Distance : 344 ft
Batting: RHB Francisco Guerra 0-0: Ball
1-0: Called Strike
1-1: Ball
2-1: SINGLE (Flyball, 89S)
Batting: RHB Jeff Hunter 0-0: Ball
1-0: Ground out U3 (Groundball, 3S)
Bottom of the 3rd over - 1 run, 2 hits, 0 errors, 1 left on base; Athletic Club KC Academy 0 - Glendale 1
TOP OF THE 4TH
Athletic Club KC Academy batting - Pitching for Glendale Herons : RHP Dylan Telford
Batting: LHB Takayuki Yoshikawa 0-0: Foul Ball, location: 2F
0-1: Called Strike
0-2: Foul Ball, location: 2F
0-2: Fly out, F8 (Flyball, 8RM)
Batting: LHB Kwang-chih Feng 0-0: DOUBLE (Flyball, 8LD)
Batting: LHB Abdallah Rweikiza 0-0: Ball
1-0: Called Strike
1-1: Ball
2-1: Ball
3-1: Base on Balls
Batting: RHB Colin Bottone 0-0: Swinging Strike
0-1: Swinging Strike
0-2: Ball
1-2: DOUBLE (Line Drive, 7LS)
Kwang-chih Feng scores
Abdallah Rweikiza to third
Batting: LHB Onye Mahusay 0-0: Ball
1-0: Swinging Strike
1-1: Ball
2-1: Ball
3-1: Foul Ball, location: 2F
3-2: Ground out 4-3 (Groundball, 4D)
Abdallah Rweikiza scores
Colin Bottone to third
Batting: LHB Chi-hun Chong 0-0: DOUBLE (Flyball, 89D)
Colin Bottone scores
Batting: RHB Arturo Annunziato 0-0: Fly out, F8 (Flyball, 8RD)
Top of the 4th over - 3 runs, 3 hits, 0 errors, 1 left on base; Athletic Club KC Academy 3 - Glendale 1
BOTTOM OF THE 4TH
Glendale Herons batting - Pitching for Athletic Club KC Academy : RHP Adam Oldenkamp
Batting: RHB Michael Sweeney 0-0: Foul Ball, location: 2F
0-1: Foul Ball, location: 2F
0-2: Ball
1-2: Ball
2-2: Foul Ball, location: 2F
2-2: Strikes out swinging
Batting: LHB Jin-song Seah 0-0: Swinging Strike
0-1: Ball
1-1: Fly out, F7 (Line Drive, 78S)
Batting: RHB Mario van Heijbeeck 0-0: Ball
1-0: Ball
2-0: SINGLE (Flyball, 7S)
Batting: RHB Shihei Kichikawa 0-0: Ball
1-0: Called Strike
1-1: Called Strike
1-2: Fielders Choice at 2nd, 5-4 (Groundball, 5)
Bottom of the 4th over - 0 runs, 1 hit, 0 errors, 1 left on base; Athletic Club KC Academy 3 - Glendale 1
TOP OF THE 5TH
Athletic Club KC Academy batting - Pitching for Glendale Herons : RHP Dylan Telford
Batting: RHB Troy Whitehurst 0-0: Foul Ball, location: 2F
0-1: Ball
1-1: Foul Ball, location: 2F
1-2: Ball
2-2: Ball
3-2: Base on Balls
Batting: RHB Chee-hwa Tze 0-0: Ball
1-0: Foul Ball, location: 2F
1-1: Fly out, F9 (Flyball, 9LM)
Batting: LHB Takayuki Yoshikawa 0-0: Ball
1-0: Ball
2-0: Ball
3-0: Called Strike
3-1: Swinging Strike
3-2: Base on Balls
Troy Whitehurst to second
Batting: LHB Kwang-chih Feng 0-0: Called Strike
0-1: 3-RUN HOME RUN (Flyball, 7LD), Distance : 349 ft
Pitching: RHP David Davis
Batting: LHB Abdallah Rweikiza 0-0: DOUBLE (Groundball, 3L)
Batting: RHB Colin Bottone 0-0: Called Strike
0-1: Foul Ball, location: 2F
0-2: SINGLE (Flyball, 89M)
Abdallah Rweikiza to third
Runner from 3rd tries for Home, SAFE, throw made home
Batting: LHB Onye Mahusay 0-0: TRIPLE (Flyball, 7D)
Colin Bottone scores
Batting: LHB Chi-hun Chong 0-0: Ball
1-0: Called Strike
1-1: Ground out 3-1 (Groundball, 34)
Onye Mahusay scores
Batting: RHB Arturo Annunziato 0-0: Ball
1-0: Ball
2-0: Ball
3-0: Base on Balls
Batting: RHB Troy Whitehurst 0-0: Ball
1-0: Called Strike
1-1: Ball
2-1: Ball
3-1: Foul Ball, location: 2F
3-2: Foul Ball, location: 2F
3-2: Foul Ball, location: 2F
3-2: Base on Balls
Arturo Annunziato to second
Pitching: RHP Brad Long
Batting: RHB Chee-hwa Tze 0-0: Ball
1-0: Ground out U3 (Groundball, 34)
Top of the 5th over - 6 runs, 4 hits, 0 errors, 2 left on base; Athletic Club KC Academy 9 - Glendale 1
BOTTOM OF THE 5TH
Glendale Herons batting - Pitching for Athletic Club KC Academy : RHP Adam Oldenkamp
Batting: SHB Tommy Dreamer 0-0: Called Strike
0-1: Swinging Strike
0-2: Strikes out swinging
Batting: RHB Hatui Haunani 0-0: Ball
1-0: Ball
2-0: Ball
3-0: Called Strike
3-1: Base on Balls
Batting: RHB Luis Trevino 0-0: Fly out, F9 (Flyball, 9)
Batting: RHB Francisco Guerra 0-0: Foul Ball, location: 2F
0-1: Ball
1-1: Ball
2-1: Called Strike
2-2: Ball
3-2: Foul Ball, location: 2F
3-2: Base on Balls
Hatui Haunani to second
Batting: RHB Jeff Hunter 0-0: Ball
1-0: Ball
2-0: Ground out 6-3 (Groundball, 56)
Bottom of the 5th over - 0 runs, 0 hits, 0 errors, 2 left on base; Athletic Club KC Academy 9 - Glendale 1
TOP OF THE 6TH
Athletic Club KC Academy batting - Pitching for Glendale Herons : RHP Brad Long
Batting: LHB Takayuki Yoshikawa 0-0: Ball
1-0: Ground out 3-1 (Groundball, 34)
Batting: LHB Kwang-chih Feng 0-0: Called Strike
0-1: Ball
1-1: Foul Ball, location: 2F
1-2: Foul Ball, location: 2F
1-2: Ground out 4-3 (Groundball, 4)
Batting: LHB Abdallah Rweikiza 0-0: Swinging Strike
0-1: Swinging Strike
0-2: Ball
1-2: Strikes out swinging
Top of the 6th over - 0 runs, 0 hits, 0 errors, 0 left on base; Athletic Club KC Academy 9 - Glendale 1
BOTTOM OF THE 6TH
Glendale Herons batting - Pitching for Athletic Club KC Academy : RHP Adam Oldenkamp
Batting: RHB Michael Sweeney 0-0: Called Strike
0-1: Foul Ball, location: 2F
0-2: Ball
1-2: Strikes out looking
Batting: LHB Jin-song Seah 0-0: Ball
1-0: Ball
2-0: Foul Ball, location: 2F
2-1: Ground out 1-3 (Groundball, 13S)
Batting: RHB Mario van Heijbeeck 0-0: Called Strike
0-1: Ball
1-1: Ball
2-1: Foul Ball, location: 2F
2-2: Foul Ball, location: 2F
2-2: Ball
3-2: SINGLE (Flyball, 9S)
Pitching: RHP Cristián Rojas
Batting: RHB Shihei Kichikawa 0-0: Fly out, F7 (Flyball, 7LM)
Bottom of the 6th over - 0 runs, 1 hit, 0 errors, 1 left on base; Athletic Club KC Academy 9 - Glendale 1
TOP OF THE 7TH
Athletic Club KC Academy batting - Pitching for Glendale Herons : RHP Brad Long
Batting: RHB Colin Bottone 0-0: Foul Ball, location: 2F
0-1: Foul Ball, location: 2F
0-2: Foul Ball, location: 2F
0-2: Ball
1-2: Ball
2-2: SINGLE (Groundball, 34D)
Pitching: RHP Jason Troughton
Batting: LHB Onye Mahusay 0-0: Called Strike
0-1: Swinging Strike
0-2: DOUBLE (Flyball, 89D)
Colin Bottone to third
Batting: LHB Chi-hun Chong 0-0: Called Strike
0-1: Ball
1-1: Ball
2-1: Foul Ball, location: 2F
2-2: Fly out, F5 (Popup, 56S)
Batting: RHB Arturo Annunziato 0-0: Ball
1-0: Called Strike
1-1: Foul Ball, location: 2F
1-2: Ball
2-2: Foul Ball, location: 2F
2-2: SINGLE (Line Drive, 4MD)
Colin Bottone scores
Onye Mahusay to third
Runner from 3rd tries for Home, SAFE, throw made home
Batting: RHB Troy Whitehurst 0-0: Ball
Arturo Annunziato steals 2nd base
1-0: Foul Ball, location: 2F
1-1: Foul Ball, location: 2F
1-2: Ball
2-2: Foul Ball, location: 2F
2-2: Ground out 5-3 (Groundball, 56S)
Arturo Annunziato to third
Batting: RHB Chee-hwa Tze 0-0: Fly out, F8 (Flyball, 8RD)
Top of the 7th over - 2 runs, 3 hits, 0 errors, 1 left on base; Athletic Club KC Academy 11 - Glendale 1
BOTTOM OF THE 7TH
Glendale Herons batting - Pitching for Athletic Club KC Academy : RHP Cristián Rojas
Now in RF: David Lozano
Batting: SHB Tommy Dreamer 0-0: Foul Ball, location: 2F
0-1: Ball
1-1: Foul Ball, location: 2F
1-2: Strikes out swinging
Batting: RHB Hatui Haunani 0-0: Ball
1-0: Called Strike
1-1: Called Strike
1-2: Fly out, F3 (Popup, 3SF)
Batting: RHB Luis Trevino 0-0: Called Strike
0-1: Foul Ball, location: 2F
0-2: Ball
1-2: Foul Ball, location: 2F
1-2: Foul Ball, location: 2F
1-2: Ball
2-2: Ground out 5-3 (Groundball, 56)
Bottom of the 7th over - 0 runs, 0 hits, 0 errors, 0 left on base; Athletic Club KC Academy 11 - Glendale 1
TOP OF THE 8TH
Athletic Club KC Academy batting - Pitching for Glendale Herons : RHP Jason Troughton
Batting: LHB Takayuki Yoshikawa 0-0: Ball
1-0: Ball
2-0: Ball
3-0: Called Strike
3-1: Base on Balls
Batting: LHB Kwang-chih Feng 0-0: Ball
1-0: Called Strike
Takayuki Yoshikawa steals 2nd base
1-1: Ball
2-1: Foul Ball, location: 2F
2-2: Strikes out looking
Batting: LHB Abdallah Rweikiza 0-0: Foul Ball, location: 2F
0-1: Called Strike
0-2: Foul Ball, location: 2F
0-2: Strikes out swinging
Batting: RHB Colin Bottone 0-0: Ball
1-0: Ball
2-0: Fly out, F2 (Popup, 23F)
Top of the 8th over - 0 runs, 0 hits, 0 errors, 1 left on base; Athletic Club KC Academy 11 - Glendale 1
BOTTOM OF THE 8TH
Glendale Herons batting - Pitching for Athletic Club KC Academy : RHP Cristián Rojas
Now at 2B: Ijsbrand van Hoogewegen
Batting: RHB Francisco Guerra 0-0: Ball
1-0: Called Strike
1-1: Ball
2-1: Swinging Strike
2-2: Foul Ball, location: 2F
2-2: Fly out, F9 (Flyball, 89S)
Batting: RHB Jeff Hunter 0-0: Ball
1-0: Ball
2-0: Ball
3-0: Base on Balls
Batting: RHB Michael Sweeney 0-0: Foul Ball, location: 2F
0-1: Ball
1-1: Foul Ball, location: 2F
1-2: Ball
2-2: Ball
3-2: Fly out, F8 (Flyball, 8RM)
Batting: LHB Jin-song Seah 0-0: Ball
1-0: Ball
2-0: Ball
3-0: Called Strike
3-1: SINGLE (Line Drive, 4M)
Jeff Hunter to second
Batting: RHB Mario van Heijbeeck 0-0: Ball
1-0: Ball
2-0: Fielders Choice at 2nd, 6-4 (Groundball, 6)
Bottom of the 8th over - 0 runs, 1 hit, 0 errors, 2 left on base; Athletic Club KC Academy 11 - Glendale 1
TOP OF THE 9TH
Athletic Club KC Academy batting - Pitching for Glendale Herons : RHP Jason Troughton
Batting: LHB Onye Mahusay 0-0: Ball
1-0: Called Strike
1-1: Ball
2-1: Ground out 5-3 (Groundball, 56)
Batting: LHB Chi-hun Chong 0-0: SINGLE (Groundball, 6MD)
Batting: RHB Arturo Annunziato 0-0: Ball
1-0: Swinging Strike
1-1: Grounds into double play, 6-4-3 (Groundball, 6)
Top of the 9th over - 0 runs, 1 hit, 0 errors, 0 left on base; Athletic Club KC Academy 11 - Glendale 1
BOTTOM OF THE 9TH
Glendale Herons batting - Pitching for Athletic Club KC Academy : RHP Cristián Rojas
Batting: RHB Shihei Kichikawa 0-0: Foul Ball, location: 2F
0-1: Swinging Strike
0-2: Ball
1-2: Strikes out swinging
Batting: SHB Tommy Dreamer 0-0: Called Strike
0-1: Swinging Strike
0-2: Ground out U3 (Groundball, 3)
Batting: RHB Hatui Haunani 0-0: Foul Ball, location: 2F
0-1: Ball
1-1: Foul Ball, location: 2F
1-2: Strikes out swinging
Bottom of the 9th over - 0 runs, 0 hits, 0 errors, 0 left on base; Athletic Club KC Academy 11 - Glendale 1
Tuesday, June 12th, 2018 - OOTP Baseball 18.8 Build 76